 Dungeon Crawl Stone Soup version 0.26.1-11-gd32895ea62 (webtiles) character file.

Game seed: 3094786896710930359

263 Zeld the Slasher (level 6, -1/42 HPs)
             Began as an Octopode Monk on May 18, 2021.
             Slain by Duvessa
             ... wielding a +0 short sword
              (4 damage)
             ... on level 4 of the Dungeon.
             The game lasted 00:05:35 (3885 turns).

Zeld the Slasher (Octopode Monk)                    Turns: 3885, Time: 00:05:36

Health: -1/42      AC:  1    Str: 12    XL:     6   Next: 19%
Magic:  6/6        EV: 14    Int: 13    God:
Gold:   194        SH:  0    Dex: 14    Spells: 5/5 levels left

rFire    . . .     SeeInvis .   a - +0 falchion
rCold    . . .     Faith    .   (no shield)
rNeg     . . .     Spirit   .   (helmet restricted)
rPois    .         Reflect  .   (no amulet)
rElec    .         Harm     .   (no ring)
rCorr    .         Rampage  .   (no ring)
Will     .....                  (no ring)
Stlth    +++.......             (no ring)
HPRegen  0.14/turn              (no ring)
MPRegen  0.10/turn              (no ring)
                                (no ring)
                                (no ring)

@: no status effects
A: almost no armour, stealthy swim, amphibious, 8 rings, constrict 8, camouflage
1, gelatinous body 1
a: no special abilities


You were on level 4 of the Dungeon.
You visited 1 branch of the dungeon, and saw 4 of its levels.

You collected 194 gold pieces.

Inventory:

Hand Weapons
 a - a +0 falchion (weapon)
Jewellery
 g - an uncursed amulet of regeneration
 n - a cursed ring of positive energy {unknown}
 o - an uncursed ring of see invisible {unknown}
Scrolls
 b - 4 scrolls of remove curse {unknown}
 c - 2 scrolls of magic mapping
 d - 2 scrolls of immolation
 h - 4 scrolls of identify {unknown}
 j - a scroll of noise {unknown}
 m - a scroll of enchant armour {unknown}
 v - a scroll of enchant weapon {unknown}
 w - a scroll of fog {unknown}
Potions
 e - 4 potions of berserk rage {unknown}
 f - 4 potions of heal wounds {unknown}
 i - a potion of might {unknown}
 k - a potion of mutation {unknown}
 l - 2 potions of invisibility {unknown}
 p - a potion of attraction {unknown}
 q - 2 potions of flight {unknown}
 r - 2 potions of curing {unknown}
 s - a potion of lignification {unknown}
 t - 2 potions of ambrosia {unknown}
 u - a potion of resistance {unknown}


   Skills:
 - Level 3.0 Fighting
 * Level 6.7 Long Blades
 - Level 3.0 Dodging
 - Level 2.6 Stealth


You had 5 spell levels left.
You didn't know any spells.
Your spell library contained the following spells:

 Spells                   Type           Power        Failure   Level
 Corona                   Hex            0%           30%         1
 Ensorcelled Hibernation  Hex/Ice        0%           43%         2
 Confusing Touch          Hex            0%           67%         3
 Dazzling Flash           Conj/Hex       0%           67%         3
 Tukima's Dance           Hex            0%           67%         3


Dungeon Overview and Level Annotations

Branches:
Dungeon (4/15)
 Temple: D:4-7

Altars:
Dithmenos
Nemelex Xobeh
Okawaru
Sif Muna
Vehumet

Annotations:
D:4 Dowan, Duvessa


Innate Abilities, Weirdness & Mutations

You cannot wear most types of armour.
You are very stealthy in the water. (Stealth+)
You are amphibious.
You can wear up to eight rings at the same time.
You can use your tentacles to constrict eight enemies at once.
Your skin changes colour to match your surroundings (Stealth+).
Your rubbery body absorbs attacks. (AC +1, EV +1)


Message History

Duvessa says, "Beauty is only skin deep, and my weapons penetrate much further than that."
Duvessa hits you with a +0 short sword!
* * * LOW HITPOINT WARNING * * *
As you read the scroll labelled TIEDIFIFE, it crumbles to dust.
The creatures around you are filled with an inner flame!
It was a scroll of immolation.
Duvessa barely misses you.
You riposte.
You hit Duvessa.
Flame seeps out of Duvessa.
You grab Duvessa.
Duvessa is lightly wounded.
Dowan gestures at you while chanting. The puff of frost hits you.
* * * LOW HITPOINT WARNING * * *
Duvessa is engulfed in blazing flames.
Flame seeps out of Duvessa.
Duvessa hits you with a +0 short sword.
* * * LOW HITPOINT WARNING * * *
As you read the scroll labelled BASUS POTUCS, it crumbles to dust.
You feel aware of your surroundings.
It was a scroll of magic mapping.
Flame seeps out of Duvessa.
You constrict Duvessa.
Duvessa is engulfed in blazing flames.
Flame seeps out of Duvessa.
Duvessa hits you with a +0 short sword.
You die...

...................#.....#.....#.
.........[.........#'###.#.....#.
######......####.......#.##....#.
#......# #.......#..#....#.
#.<....# #.......#..#....#.
#...[..####.......####,,,,#.
#########......#### *,,,,*#.
*,,,#......# *,,,,#..
*,,,#..@...# *,,,,#..
*,,,#.e....# #....#..
*,,,+..e...# #....#..
*,,,#......# #....#..
********,#......######....#+#
*****,,,,,,**###.................
,,,,,,*,,,,*,,,#.................
,,,,,,*,,,,*,,,#.................
,,***+*,,,,*,,,#.................


You could see Duvessa (fast, inner flame) and Dowan (inner flame).

Vanquished Creatures
  Eustachio (D:4)
  2 adders
  2 oozes
  2 dart slugs
  3 leopard geckos
  8 orcs
  3 ball pythons
  6 bats
  3 giant cockroaches
  10 goblins
  8 hobgoblins
  7 jackals
  2 quokkas
  3 frilled lizards
  10 kobolds
  10 rats
80 creatures vanquished.

Notes
Turn   | Place    | Note
-------+----------+-------------------------------------------
     0 | D:1      | Zeld the Octopode Monk began the quest for the Orb.
     0 | D:1      | Reached XP level 1. HP: 16/16 MP: 1/1
    26 | D:1      | Reached XP level 2. HP: 14/21 MP: 2/2
   479 | D:1      | Reached skill level 4 in Long Blades
   481 | D:1      | Reached XP level 3. HP: 26/26 MP: 3/3
  1636 | D:2      | Reached XP level 4. HP: 31/31 MP: 4/4
  1642 | D:2      | Found a radiant altar of Vehumet.
  2220 | D:3      | Reached skill level 5 in Long Blades
  2401 | D:3      | Found a sparkling altar of Nemelex Xobeh.
  2807 | D:3      | Found a shimmering blue altar of Sif Muna.
  2830 | D:3      | Found a shadowy altar of Dithmenos.
  3013 | D:3      | Reached XP level 5. HP: 34/36 MP: 5/5
  3529 | D:4      | Noticed Eustachio
  3548 | D:4      | Killed Eustachio
  3549 | D:4      | Reached skill level 6 in Long Blades
  3549 | D:4      | Reached XP level 6. HP: 30/42 MP: 6/6
  3549 | D:4      | Found an iron altar of Okawaru.
  3790 | D:4      | Noticed Duvessa
  3790 | D:4      | Noticed Dowan
  3885 | D:4      | Slain by Duvessa

Illustrated notes

Levels and vault maps discovered:
D:1:      dpeg_arrival_simpleton_b, layout_basic
D:2:      layout_basic, vehumet_crystals
D:3:      layout_rooms, lemuel_doored_altar, grunt_ministairs_11, dk_vineyard_1,
          kennysheep_flooded_box, nicolae_dithmenos_through_a_glass_darkly
D:4:      layout_gridville, okawaru_gym_becter, uniq_eustachio, uniq_duvessa,
          uniq_sigmund

Skill      XL: |  1  2  3  4  5 |
---------------+----------------+-----
Long Blades    | 4 5 6 |  6.7
Fighting       | |  3.0
Dodging        | |  3.0
Stealth        | |  2.6

Action                   |  1- 3 |  4- 6 || total
-------------------------+-------+-------++-------
Melee: Falchion          |    74 |    86 ||   160
       Constrict         |    24 |    29 ||    53
       Tentacles         |    13 |    13 ||    26
  Use: Scroll            |       |     2 ||     2
 Stab: Sleeping          |    11 |     7 ||    18
Armor: Skin              |    10 |     5 ||    15
Dodge: Dodged            |    56 |    65 ||   121
       Rpst.: Falchion   |    16 |    20 ||    36
